Map: Data-C

Players

binski - Winner!

  • Race: Terran Terran
  • Spawn Location: 3:00

Rob

  • Race: Protoss Protoss
  • Spawn Location: 9:00

Event: DreamHack SC2 Masters 2022 Atlanta (Offline)

VOD

Have the link to the VOD?

Description

Time

  • Played on: Nov. 18, 2022, 10:56 a.m.
  • Length: 12:05

All games in this series

Show
View Real Time Build Order
Export as new Build Order

binski Terran - Winner!

Build Orders:  

Get SALT Encoding   

  12  0:00  SCV  
  13  0:12  SCV  
  14  0:17  Supply Depot  
  14  0:24  SCV  
  15  0:39  SCV, Barracks  
  16  0:45  Refinery  
  16  0:51  SCV  
  16  0:54  Refinery  
  17  1:03  SCV  
  18  1:15  SCV  
  19  1:26  Reaper  
  19  1:28  Orbital Command  
  19  1:30  Supply Depot  
  20  1:43  Factory  
  21  1:54  SCV  
  21  2:03  Reaper  
  21  2:06  SCV  
  23  2:17  Command Center  
  23  2:21  SCV  
  24  2:27  Hellion  
  26  2:33  SCV  
  26  2:37  Supply Depot, Barracks Reactor  
  27  2:46  SCV  
  27  2:50  Widow Mine  
  30  2:54  Starport  
  30  2:58  SCV  
  31  3:10  SCV  
  31  3:11  Widow Mine  
  34  3:16  Marine x2  
  34  3:22  SCV  
  34  3:33  Factory Tech Lab, Starport Tech Lab  
  34  3:34  SCV, Marine x2  
  36  3:43  Barracks  
  36  3:46  SCV, Orbital Command  
  37  3:53  Siege Tank  
  40  3:58  SCV  
  40  4:01  Refinery  
  40  4:02  Raven  
  43  4:10  SCV  
  43  4:11  Marine  
  43  4:13  SCV  
  46  4:18  Supply Depot  
  46  4:25  Siege Tank  
  46  4:27  SCV  
  46  4:28  SCV  
  51  4:33  Supply Depot  
  51  4:40  Bunker, Marine  
  51  4:42  SCV  
  53  4:46  Barracks  
  53  4:49  SCV  
  54  4:54  Marauder  
  54  4:57  Stimpack  
  54  4:59  Starport Tech Lab  
  56  5:01  Marine x2  
  58  5:09  Supply Depot, SCV  
  58  5:10  SCV  
  60  5:16  Engineering Bay, Marine  
  60  5:19  Marine  
  62  5:22  SCV x2  
  62  5:26  Factory Reactor  
  62  5:27  Refinery  
  64  5:34  Supply Depot, SCV x2  
  64  5:35  Marauder  
  68  5:39  Starport Reactor, Marine x2  
  70  5:43  Terran Infantry Weapons Level 1  
  70  5:46  SCV, Combat Shield  
  73  5:50  Marauder  
  73  5:56  Marauder  
  75  5:57  Marine x2  
  75  5:58  SCV x2  
  75  5:59  Supply Depot  
  79  6:11  Marauder  
  79  6:14  Widow Mine x2  
  79  6:15  Marine  
  79  6:17  Supply Depot  
  86  6:21  Medivac x2, Marauder, Marine  
  86  6:24  Supply Depot  
  93  6:25  SCV  
  94  6:38  Marine  
  94  6:39  SCV, Marauder  
  98  6:42  Marauder  
  98  6:50  Widow Mine  
  98  6:51  Medivac x2, Widow Mine, Marine  
  107  6:54  Supply Depot  
  107  6:56  Marine  
  108  7:04  Missile Turret  
  103  7:08  Missile Turret  
  103  7:14  Marauder, Marine  
  99  7:21  Marine x2  
  100  7:24  SCV  
  101  7:32  Marine  
  101  7:33  SCV  
  101  7:36  SCV, Marauder  
  106  7:42  Marauder  
  108  7:46  Marine  
  108  7:47  SCV  
  108  7:49  Marine  
  108  7:50  SCV  
  108  7:57  Marauder  
  106  8:05  SCV x2  
  83  8:24  Marauder x2  
  85  8:27  Marine  
  85  8:28  Marine  
  85  8:29  Missile Turret  
  73  8:45  Terran Infantry Armor Level 1, Marine x2  
  73  8:46  Marauder x2  
  70  9:00  Widow Mine x2  
  74  9:03  Marine x2  
  74  9:07  Marauder x2  
  79  9:11  Medivac  
  79  9:12  Medivac  
  83  9:21  Concussive Shells, Widow Mine x2, Marine  
  88  9:27  Marine  
  88  9:28  Marine  
  88  9:29  Marine  
  91  9:34  SCV x2  
  93  9:39  Marine  
  93  9:45  Marine  
  95  9:46  Marine x2  
  99  9:52  SCV x2  
  99  9:54  Command Center  
  99  9:57  Supply Depot  
  99  10:03  Marine x2  
  99  10:04  Marauder  
  102  10:11  Marine  
  102  10:13  Ghost Academy  
  91  10:26  SCV, Widow Mine x2  
  91  10:27  SCV  
  95  10:31  Supply Depot  
  95  10:33  Medivac  
  97  10:38  SCV  
  97  10:39  SCV  
  99  10:44  Marauder x2, Marine  
  99  10:47  Marine  
  105  11:02  Marine  
  106  11:05  Marine x3  
  106  11:10  Medivac, Widow Mine x2  
  115  11:20  SCV x2  
  115  11:22  Marine  
  118  11:28  Marauder  
  118  11:29  Marine  
  118  11:30  Missile Turret  
  121  11:32  Marine  
  121  11:35  SCV  
  123  11:47  SCV  
  123  11:49  Armory  
  123  11:52  SCV  
Show
View Real Time Build Order
Export as new Build Order

Rob Protoss 

Build Orders: 1 Gate Expand, Blink Stalkers 

Get SALT Encoding   

  12  0:00  Probe  
  13  0:12  Probe  
  14  0:18  Pylon  
  14  0:24  Probe  
  15  0:35  Gateway  
  15  0:37  Probe (Chrono Boost)  
  16  0:46  Assimilator  
  16  0:47  Probe (Chrono Boost)  
  17  0:52  Probe (Chrono Boost)  
  18  1:03  Probe  
  19  1:16  Probe  
  20  1:22  Cybernetics Core  
  20  1:34  Nexus  
  20  1:42  Pylon  
  20  1:44  Probe (Chrono Boost)  
  21  1:50  Assimilator  
  22  1:55  Probe (Chrono Boost)  
  22  2:00  Adept (Chrono Boost)  
  24  2:03  Probe  
  24  2:06  Warp Gate  
  25  2:15  Probe  
  26  2:24  Twilight Council  
  26  2:28  Stalker  
  28  2:33  Probe  
  27  2:46  Probe (Chrono Boost)  
  27  2:51  Probe (Chrono Boost)  
  29  2:55  Probe (Chrono Boost)  
  31  2:58  Stalker  
  31  2:59  Probe (Chrono Boost)  
  31  3:00  Probe (Chrono Boost)  
  34  3:08  Gateway  
  34  3:11  Probe  
  35  3:13  Probe  
  34  3:22  Blink (Chrono Boost)  
  34  3:23  Probe  
  34  3:25  Probe  
  35  3:35  Probe  
  35  3:37  Probe  
  37  3:43  Robotics Facility  
  37  3:47  Probe  
  38  3:49  Probe  
  39  3:59  Probe  
  39  4:01  Probe  
  37  4:10  Gateway  
  37  4:11  Gateway  
  37  4:13  Probe x2  
  37  4:15  Stalker  
  41  4:17  Stalker  
  43  4:25  Probe  
  43  4:26  Pylon  
  44  4:32  Warp Prism  
  46  4:44  Stalker  
  48  4:45  Stalker  
  50  4:56  Dark Shrine  
  50  5:00  Nexus  
  50  5:06  Probe x2, Pylon  
  52  5:18  Probe x2  
  52  5:20  Pylon  
  54  5:25  Stalker x2  
  58  5:30  Charge (Chrono Boost), Probe  
  58  5:32  Observer (Chrono Boost)  
  58  5:34  Probe  
  61  5:39  Stalker x2  
  61  5:42  Probe  
  66  5:46  Probe  
  67  5:54  Probe  
  68  5:57  Pylon  
  68  5:58  Probe  
  68  6:00  Pylon  
  69  6:08  Probe (Chrono Boost)  
  70  6:12  Dark Templar  
  70  6:13  Pylon  
  70  6:15  Probe (Chrono Boost)  
  70  6:16  Probe (Chrono Boost)  
  70  6:18  Forge  
  74  6:23  Dark Templar  
  74  6:24  Probe (Chrono Boost)  
  74  6:25  Probe (Chrono Boost)  
  79  6:26  Pylon  
  79  6:27  Probe (Chrono Boost)  
  79  6:28  Gateway  
  79  6:30  Probe  
  80  6:36  Probe  
  81  6:46  Gateway  
  81  6:47  Gateway  
  81  6:49  Dark Templar  
  81  6:51  Gateway x2  
  83  6:54  Pylon  
  83  7:10  Dark Templar  
  83  7:15  Zealot x2  
  87  7:18  Pylon  
  81  7:31  Zealot x2  
  81  7:36  Zealot x2  
  89  7:37  Protoss Ground Weapons Level 1 (Chrono Boost)  
  89  7:42  Zealot x2  
  89  7:44  Nexus  
  87  7:46  Zealot  
  87  7:49  Zealot x2  
  81  7:52  Dark Templar  
  81  7:57  Zealot x3  
  67  8:05  Zealot x2  
  70  8:13  Zealot x2  
  70  8:15  Zealot x2  
  69  8:24  Zealot x2  
  69  8:26  Zealot x2  
  71  8:31  Gateway  
  71  8:32  Gateway  
  71  8:34  Gateway  
  67  8:39  Nexus  
  67  8:41  Pylon  
  67  8:42  Zealot  
  67  8:44  Zealot  
  67  8:45  Zealot x2  
  75  8:54  Nexus, Stalker  
  77  8:56  Dark Templar  
  79  9:14  Dark Templar x2  
  79  9:15  Zealot x2  
  87  9:23  Zealot  
  87  9:24  Archon  
  87  9:30  Zealot x2  
  91  9:43  Stalker x2  
  95  9:46  Pylon  
  95  9:50  Zealot x4  
  95  9:51  Shield Battery, Pylon  
  103  9:54  Dark Templar  
  105  10:05  Shield Battery  
  105  10:06  Shield Battery  
  105  10:12  Zealot x3  
  103  10:18  Zealot x2  
  85  10:25  Zealot  
  85  10:29  Zealot  
  85  10:32  Zealot x3  
  85  10:35  Probe x2 (Chrono Boost)  
  95  10:38  Probe (Chrono Boost)  
  96  10:42  Zealot x2  
  96  10:45  Probe (Chrono Boost)  
  101  10:57  Probe x2  
  101  11:01  Assimilator  
  103  11:04  Zealot x6  
  103  11:05  Zealot  
  115  11:26  Nexus, Dark Templar  
  115  11:29  Zealot x2  
  121  11:39  Pylon  
  121  11:43  Dark Templar  
  100  11:54  Zealot x5  
Tags
 
Add a new tag
Caveats
  • Supply blocks, unpowered buildings, or Contaminate may cause inaccurate times.
  • Supply counts are checked every 10 seconds.